 Dungeon Crawl Stone Soup version 0.29-a0-775-g4d7333d4e2 (webtiles) character file.

Game seed: 15732329422180835481

639 Mgcat the Trooper (level 7, -6/111 HPs)
             Began as an Ogre Monk on June 30, 2022.
             Was a Priest of Makhleb.
             Mangled by an ice beast (8 damage)
             ... on level 5 of the Dungeon on July 1, 2022.
             The game lasted 00:09:58 (5471 turns).

Mgcat the Trooper (Ogre Monk)                       Turns: 5471, Time: 00:09:58

Health: -6/111     AC:  5    Str: 18    XL:     7   Next: 50%
Magic:  8/8        EV: 18    Int: 11    God:    Makhleb [***...]
Gold:   203        SH:  0    Dex: 11    Spells: 6/6 levels left

rFire   . . .      SeeInvis .   a - +0 hand axe
rCold   . . .      Faith    +   (no shield)
rNeg    . . .      Spirit   .   b - +0 robe
rPois   .          Reflect  .   d - +2 hat
rElec   .          Harm     .   (no cloak)
rCorr   .          Rampage  .   (gloves unavailable)
Will    .....                   (boots unavailable)
Stlth   ..........              i - amulet of faith {Faith, !P}
HPRegen 0.28/turn               e - +4 ring of evasion
MPRegen 0.11/turn               n - +4 ring of evasion

@: berserking, very quick
A: large, unfitting armour, tough skin 1
a: Renounce Religion, Minor Destruction, Lesser Servant of Makhleb


You were on level 5 of the Dungeon.
You worshipped Makhleb.
Makhleb was most pleased with you.
You visited 1 branch of the dungeon, and saw 5 of its levels.

You collected 203 gold pieces.

Inventory:

Hand Weapons
 a - a +0 hand axe (weapon)
Armour
 b - a +0 robe (worn)
 d - a +2 hat (worn)
   (You found it on level 1 of the Dungeon)
Jewellery
 e - a +4 ring of evasion (left hand)
   (You found it on level 1 of the Dungeon)
 i - an amulet of faith (around neck) {Faith, !P}
   (You found it on level 1 of the Dungeon)
 n - a +4 ring of evasion (right hand)
   (You found it on level 3 of the Dungeon)
 p - a ring of resist corrosion
   (You found it on level 3 of the Dungeon)
Wands
 o - a wand of light (15)
   (You found it on level 3 of the Dungeon)
 q - a wand of paralysis (11)
   (You found it on level 4 of the Dungeon)
Scrolls
 f - a scroll of teleportation
 g - a scroll of torment {unknown}
 j - a scroll of enchant armour
 s - a scroll of poison {unknown}
Potions
 c - a potion of cancellation {unknown}
 h - a potion of lignification {!q}
 r - a potion of invisibility {unknown}


   Skills:
 + Level 5.9 Fighting
 * Level 5.6 Axes
 + Level 4.0 Dodging
 + Level 3.0 Stealth
 + Level 2.2 Invocations


You had 6 spell levels left.
You didn't know any spells.
Your spell library contained the following spells:

 Spells                   Type           Power      Damage    Failure   Level
 Necrotize                Necr           0%         1d4       34%         1
 Vampiric Draining        Necr           0%         2d6       71%         3
 Agony                    Necr           0%         N/A       100%        5
 Dispersal                Tloc           0%         N/A       100%        6
 Disjunction              Tloc           0%         N/A       100%        8


Dungeon Overview and Level Annotations

Branches:
Dungeon (5/15)             Temple (0/1) D:4

Altars:
Makhleb
Okawaru
Trog

Annotations:
D:2 1 runed translucent door, Crazy Yiuf


Innate Abilities, Weirdness & Mutations

You are too large for most types of armour.
You have tough skin. (AC +1)


Message History

The hound is almost dead.
You hit the ice beast.
The hound pauses to sniff the ground.
The hound bites you but does no damage. The ice beast misses you.
Spoiler Alert: The ice beast can hit for moderate damage in melee!
You hit the hound.
You kill the hound!
Makhleb accepts your kill.
You feel better.
You hit the ice beast but do no damage. The ice beast completely misses you.
You regained 2 hp, and now have 59/74 hp.
Spoiler Alert: The ice beast can hit for moderate damage in melee!
You hit the ice beast but do no damage.
The ice beast is lightly wounded.
The ice beast hits you but does no damage.
You hit the ice beast.
The ice beast is lightly wounded.
The ice beast misses you.
Spoiler Alert: The ice beast can hit for moderate damage in melee!
You hit the ice beast but do no damage.
The ice beast is lightly wounded.
The ice beast hits you but does no damage.
You closely miss the ice beast. Your punch misses the ice beast.
The ice beast is lightly wounded.
The ice beast hits you. The ice beast freezes you.
You take 8 damage, and have 52/74 hp.
Spoiler Alert: The ice beast can hit for moderate damage in melee!
You barely miss the ice beast.
The ice beast is lightly wounded.
The ice beast closely misses you.
You barely miss the ice beast.
The ice beast is lightly wounded.
The ice beast hits you but does no damage.
Spoiler Alert: The ice beast can hit for moderate damage in melee!
You closely miss the ice beast.
The ice beast is lightly wounded.
The ice beast completely misses you.
You barely miss the ice beast.
The ice beast is lightly wounded.
The ice beast misses you.
Spoiler Alert: The ice beast can hit for moderate damage in melee!
You hit the ice beast.
The ice beast is moderately wounded.
The ice beast hits you but does no damage.
You hit the ice beast.
The ice beast is moderately wounded.
The ice beast hits you. The ice beast freezes you!
You take 10 damage, and have 44/74 hp.
Spoiler Alert: The ice beast can hit for moderate damage in melee!
You hit the ice beast.
The ice beast is heavily wounded.
The ice beast hits you. The ice beast freezes you.
You take 9 damage, and have 35/74 hp.
You barely miss the ice beast.
The ice beast is heavily wounded.
The ice beast completely misses you.
Spoiler Alert: The ice beast can hit for moderate damage in melee!
You hit the ice beast but do no damage.
The ice beast is heavily wounded.
The ice beast hits you. The ice beast freezes you!
You take 11 damage, and have 24/74 hp.
You hit the ice beast but do no damage.
The ice beast is heavily wounded.
The ice beast completely misses you.
Spoiler Alert: The ice beast can hit for moderate damage in melee!
You barely miss the ice beast.
The ice beast is heavily wounded.
The ice beast completely misses you. The ice beast attacks as you move away!
The ice beast hits you but does no damage.
The ice beast completely misses you.
Spoiler Alert: The ice beast can hit for moderate damage in melee!
The ice beast attacks as you move away!
The ice beast hits you but does no damage.
The ice beast attacks as you move away! The ice beast hits you.
The ice beast freezes you.
* * * LOW HITPOINT WARNING * * *
You take 9 damage, and have 18/74 hp.
Spoiler Alert: The ice beast can hit for moderate damage in melee!
The ice beast attacks as you move away! The ice beast hits you.
* * * LOW HITPOINT WARNING * * *
The ice beast freezes you!
* * * LOW HITPOINT WARNING * * *
You take 15 damage, and have 3/74 hp.
MASSIVE DAMAGE!!
The ice beast attacks as you move away! The ice beast barely misses you.
Spoiler Alert: The ice beast can hit for moderate damage in melee!
Really quaff
m - a potion of berserk rage {!q}?
A red film seems to cover your vision as you go berserk!
You feel yourself moving faster!
You feel mighty!
The ice beast hits you but does no damage.
You now have 6/111 hp.
Unknown command.
Spoiler Alert: The ice beast can hit for moderate damage in melee!
Unknown command.
You closely miss the ice beast.
The ice beast is moderately wounded.
The ice beast hits you.
* * * LOW HITPOINT WARNING * * *
The ice beast freezes you!
You die...

.....≈.≈.# #.. .
.........# #.# .. ..
.........####.##.# #..
......††.........##..#
.........###..##.....#
......................
##.#....?..#.#....##.
#..###...Y#....# #..
##..@#....##... #..
#.....<....... #.
###...[....... ..
#............# .#
#.#.#.........
#...#.#.........
.................#
.....#.........###..
...####..#<...... ..


You could see an ice beast.

Vanquished Creatures
  A scorpion (D:4)
  7 hounds
  A bouda (D:3)
  2 iguanas
  Ijyb (D:4)
  An orc wizard (D:4)
  Robin (D:3)
  7 adders
  5 gnolls
  2 ufetubi (D:4)
  4 worms
  A dart slug (D:2)
  5 orcs (D:4)
  An endoplasm (D:2)
  4 giant cockroaches
  16 goblins
  4 hobgoblins
  4 jackals (D:4)
  8 kobolds
  5 quokkas
  5 ball pythons
  7 bats
  4 frilled lizards
  8 rats
104 creatures vanquished.

Notes
Turn   | Place    | Note
-------+----------+-------------------------------------------
     0 | D:1      | Mgcat the Ogre Monk began the quest for the Orb.
     0 | D:1      | Reached XP level 1. HP: 24/24 MP: 1/1
   212 | D:1      | Reached XP level 2. HP: 30/32 MP: 2/2
   704 | D:2      | Found a faded altar of an unknown god.
   787 | D:2      | Upgraded the game from 0.29-a0-757-g358383bc75 to
                  | 0.29-a0-775-g4d7333d4e2
   924 | D:2      | Reached XP level 3. HP: 40/40 MP: 3/3
  1178 | D:2      | Reached skill level 3 in Dodging
  1428 | D:2      | Reached XP level 4. HP: 46/49 MP: 4/4
  1616 | D:2      | Reached skill level 2 in Stealth
  1866 | D:2      | Found a runed translucent door.
  1867 | D:2      | Noticed Crazy Yiuf
  1967 | D:3      | Noticed Robin
  1976 | D:3      | Killed Robin
  1977 | D:3      | Reached skill level 4 in Axes
  2325 | D:3      | Reached XP level 5. HP: 50/55 MP: 5/5
  2576 | D:3      | Reached skill level 5 in Fighting
  2631 | D:3      | Found a burning altar of Makhleb.
  2636 | D:3      | Became a worshipper of Makhleb the Destroyer
  2636 | D:3      | Reached * piety under Makhleb
  2636 | D:3      | Reached ** piety under Makhleb
  3127 | D:4      | Reached skill level 1 in Invocations
  3127 | D:4      | Reached XP level 6. HP: 21/66 MP: 6/6
  3361 | D:4      | Found a staircase to the Ecumenical Temple.
  3414 | D:4      | HP: 16/66 [something (4)]
  3430 | D:4      | Reached skill level 5 in Axes
  3672 | D:5      | Entered Level 5 of the Dungeon
  3692 | D:4      | Noticed Ijyb
  3707 | D:4      | Paralysed by Ijyb for 3 turns
  3716 | D:4      | Paralysed by Ijyb for 5 turns
  3729 | D:4      | Killed Ijyb
  3748 | D:4      | Reached XP level 7. HP: 38/72 MP: 8/8
  3750 | D:4      | HP: 18/72 [bouda/+0 club (11)]
  3755 | D:4      | HP: 13/72 [gnoll/+0 spear[a bouda] (3)]
  3760 | D:4      | HP: 15/72 [gnoll/+0 club[a bouda] (6)]
  3765 | D:4      | HP: 6/72 [gnoll/+0 club[a bouda] (7)]
  4305 | D:4      | Found an iron altar of Okawaru.
  4313 | D:3      | HP: 16/74 [gnoll/+0 spear (7)]
  4321 | D:3      | HP: 11/74 [gnoll/+0 spear (1)]
  4772 | D:4      | Found a bloodstained altar of Trog.
  5026 | D:3      | Reached skill level 3 in Stealth
  5026 | D:3      | Reached skill level 2 in Invocations
  5295 | D:4      | Reached skill level 4 in Dodging
  5417 | D:5      | Reached *** piety under Makhleb
  5465 | D:5      | HP: 18/74 [ice beast (6)]
  5467 | D:5      | HP: 3/74 [ice beast (14)]
  5471 | D:5      | Mangled by an ice beast

Illustrated notes

Levels and vault maps discovered:
D:1:      dpeg_arrival_court, layout_basic
D:2:      minmay_diamond_boxcup, layout_loops_cross,
          nicolae_ecumenical_oubliette, uniq_crazy_yiuf_cottage
D:3:      layout_loops_ring, lightli_temple_of_fire, uniq_robin
D:4:      layout_cave_pools, grunt_temple_overflow_bloody_war,
          minmay_temple_entry_glassed_door, grunt_decor_clamped,
          roderic_serpentine_path, nicolae_concentric_dashed_squares_wild,
          uniq_ijyb
D:5:      layout_rooms, mainiacjoe_overflow_brackets,
          nicolae_dithmenos_shadow_blocks, minmay_shop_grid_forest,
          minivault_26, chequers_serial_rivers_micro_e, minmay_misc_feat_room,
          minmay_increasing_density

Skill      XL: |  1  2  3  4  5  6  7 |
---------------+----------------------+-----
Dodging        | 3 4 |  4.0
Stealth        | 2 3 |  3.0
Axes           | 4 5 |  5.6
Fighting       | 5 |  5.9
Invocations    | 1 2 |  2.2

Action                   |  1- 3 |  4- 6 |  7- 9 || total
-------------------------+-------+-------+-------++-------
Melee: Hand axe          |   115 |   252 |   159 ||   526
       Punch             |       |     1 |       ||     1
Invok: Minor Destruction |       |     4 |       ||     4
  Use: Potion            |       |     3 |     2 ||     5
       Scroll            |       |     1 |     3 ||     4
 Stab: Sleeping          |     7 |     2 |       ||     9
Armor: Robe              |    43 |    52 |    34 ||   129
Dodge: Dodged            |    62 |   255 |   193 ||   510

Table legend: (Time is in decaauts)
 A = Elapsed time spent in this place.
 B = Non-inter-level travel time spent in this place.
 C = Inter-level travel time spent in this place.
 D = Time resting spent in this place.
 E = Time spent auto-exploring this place.
 F = Levels seen in this place.
 G = Mean time per level.
                   A        B        C        D        E       F      G
               +--------+--------+--------+--------+--------+-----+--------+
         Total |   5497 |   5235 |    262 |   1484 |   2740 |   5 | 1099.4 |
       Dungeon |   5497 |   5235 |    262 |   1484 |   2740 |   5 | 1099.4 |
               +--------+--------+--------+--------+--------+-----+--------+

Top non-repeatable levels by time:
     D:4: 1635 daAuts
     D:3: 1574 daAuts
     D:2: 1456 daAuts
     D:1: 761 daAuts
     D:5: 70 daAuts

Table legend:
 A = Kills in this place as a percentage of kills in entire the game.
 B = Kills by you in this place as a percentage of kills by you in the entire game.
 C = Kills by friends in this place as a percentage of kills by friends in the entire game.
 D = Other kills in this place as a percentage of other kills in the entire game.
 E = Experience gained in this place as a percentage of experience gained in the entire game.
 F = Experience gained in this place divided by the number of levels of this place that you have seen.
                   A       B       C       D       E      F
               +-------+-------+-------+-------+-------+----------------------
         Total | 100.0 | 100.0 |   N/A |   N/A | 100.0 | 182.6
       Dungeon | 100.0 | 100.0 |   N/A |   N/A | 100.0 | 182.6
               +-------+-------+-------+-------+-------+----------------------
